 Dungeon Crawl Stone Soup version 0.31-a0-986-g5e6e4ef867 (webtiles) character file.

Game seed: 8180597869742000806

5584 2FriedEggs the Mimic (level 10, 38/38 HPs)
             Began as a Felid Shapeshifter on Nov 14, 2023.
             Was a Follower of Hepliaklqana.
             Quit the game on level 2 of the Lair of Beasts.
             The game lasted 00:36:49 (10557 turns).

2FriedEggs the Mimic (Felid Shapeshifter)          Turns: 10557, Time: 00:36:50

Health: 38/38      AC:  2    Str: 14    XL:     10   Next: 45%
Magic:  11/11      EV: 21    Int: 12    God:    Hepliaklqana [*.....]
Gold:   481        SH:  0    Dex: 16    Spells: 9/9 levels left
                                        Lives:  0   Deaths: 3

rFire   + .          .
                       - Unarmed
rCold   + . .        (shield unavailable)
rNeg    . . .        (body armour unavailable)
rPois   .            (helmet unavailable)
rElec   .            (cloak unavailable)
rCorr   .            (gloves unavailable)
SInv    +            (boots unavailable)
Will    +....        (no amulet)
Stlth   ++++         h - ring of protection from cold
HPRegen 0.26/turn    u - ring of protection from fire
MPRegen 0.12/turn

%: no passive effects
@: blade hands, quick
A: reduced essence, very small, (claws 1), fangs 3, see invisible, speed 1,
shaggy fur 2, (stealthy paws), no weapons or thrown items, no armour,
multi-lived
a: Begin Untransformation, Renounce Religion, Recall Ancestor, Ancestor Identity


You were on level 2 of the Lair of Beasts.
You worshipped Hepliaklqana.
Hepliaklqana was aware of your devotion.
You had blades for front paws.
You visited 3 branches of the dungeon, and saw 13 of its levels.

You collected 558 gold pieces.
You spent 77 gold pieces at shops.

Inventory:

Jewellery
 h - a ring of protection from cold (left blade hand)
 m - a +6 ring of dexterity
 u - a ring of protection from fire (right blade hand)
Talismans
 b - a beast talisman
 c - a flux talisman
 y - a blade talisman (active)
Wands
 e - a wand of iceblast (1)
 j - a wand of charming (2)
 w - a wand of digging (4)
Scrolls
 f - a scroll of identify
 i - 5 scrolls of revelation
 k - a scroll of vulnerability
 l - 4 scrolls of poison
 n - 2 scrolls of teleportation
 p - a scroll of enchant weapon
 r - 3 scrolls of amnesia
 s - 4 scrolls of noise
 t - 3 scrolls of immolation
Potions
 a - 3 potions of lignification
 d - 2 potions of haste
 g - a potion of invisibility
 o - 2 potions of curing {unknown}
 q - a potion of resistance {unknown}
 z - 3 potions of might {unknown}


   Skills:
 + Level 4.8 Fighting
 + Level 7.9 Dodging
 + Level 8.8 Stealth
 * Level 8.6 Unarmed Combat
 - Level 10.0 Shapeshifting


You had 9 spell levels left.
You didn't know any spells.
Your spell library contained the following spells:

 Spells                   Type           Power      Damage    Failure   Level
 Necrotise                Necr           0%         1d4       32%         1
 Vampiric Draining        Necr           0%         2d6       69%         3
 Agony                    Necr           0%         N/A       100%        5


Dungeon Overview and Level Annotations

Branches:
Dungeon (10/15)            Temple (1/1) D:6            Lair (2/5) D:10
  Swamp: Lair:2-3    Shoals: Lair:2-3     Snake: Lair:2-3    Spider: Lair:2-3
    Orc: D:9-12

Altars:
Ashenzari
Cheibriados
Dithmenos
Elyvilon
Fedhas
Gozag
Hepliaklqana
Kikubaaqudgha
Makhleb
Nemelex Xobeh
Okawaru
Qazlal
Ru
Sif Muna
Trog
Uskayaw
Vehumet
Wu Jian
Xom
Yredelemnul
Zin
The Shining One

Shops:
D:4 [   D:5 ?

Annotations:
D:7 Maggie
D:9 exclusion: acid dragon, Erica
D:10 Lodul


Innate Abilities, Weirdness & Mutations

You have blades for front paws.
Your life essence is reduced to manifest your ancestor. (-10% HP)
((You have sharp claws.))
You have razor-sharp teeth.
You have supernaturally acute eyesight. (SInv)
You cover ground quickly. (Speed+)
You are covered in thick fur. (AC +2)
((Your paws help you pounce on unaware monsters.))
You are incapable of wielding weapons or throwing items.
You cannot wear armour.
You gain extra lives every three experience levels.


Message History

Proud Cat Mom hits the yak.
The yak completely misses you. The yak attacks as it pursues you!
The yak closely misses you. The yak barely misses you.
The yak attacks as it pursues you! The yak closely misses you.
The yak misses you. The yak attacks as it pursues you!
The yak barely misses you.
Found a stone staircase leading down.
A bullfrog comes into view.
A bullfrog comes into view.
The bullfrog gives a loud, deep croak!
Found a leather armour.
Found an escape hatch in the floor.
The bullfrog barely misses you. The bullfrog hits you.
The bullfrog attacks as it pursues you! The bullfrog closely misses you.
The bullfrog attacks as it pursues you! The bullfrog misses you.
The bullfrog attacks as it pursues you! The bullfrog hits you.
* * * LOW HITPOINT WARNING * * *
The bullfrog barely misses you. The bullfrog completely misses you.
There is a stone staircase leading down here.
The bullfrog closely misses you. x2; The bullfrog hits you.
* * * LOW HITPOINT WARNING * * *
The yak closely misses you.
You climb downwards.
You feel an oppressive heat about you.
There is an entrance to a volcano on this level.
Hurry and find it before the entrance collapses!
Found 43 gold pieces.
There is a stone staircase leading up here.
Unknown command.
The bullfrog attacks as it pursues you! The bullfrog closely misses you.
The bullfrog barely misses you. The yak gores you!
You die...
Your shape twists and changes as you die.
You rejoin the land of the living...
A steam dragon comes into view.
Unknown command.
Unknown command.
Unknown command.
Are you sure you want to abandon this character and quit the game? (Confirm with "yes".)

..# ..## ...
### ..# ####..
..### ##P....
....#
#.P....#....#
.......@#
.......#.......
....... .......
....... #P.....
.P#.... ...P..
. ##... ......
#... ..... ....
D....


You could see a steam dragon (asleep).

Vanquished Creatures
  Jeremiah (D:6)
  Psyche (D:10)
  A troll (D:9)
  A hornet (D:9)
  2 yaks (D:9)
  A wyvern (D:9)
  3 water moccasins
  3 orc warriors
  A sky beast (D:7)
  3 ice beasts
  6 ogres
  3 centaurs
  2 phantoms
  4 bullfrogs
  2 scorpions
  A gnoll sergeant (D:9)
  4 wights (D:7)
  4 killer bees (D:9)
  3 howler monkeys
  2 jellies
  3 hounds
  3 orc priests
  11 iguanas
  5 orc wizards
  5 adders
  2 white imps
  2 worms
  A dart slug (D:1)
  15 orcs
  6 ball pythons
  6 endoplasms
  2 giant cockroaches
  15 goblins
  9 hobgoblins
  7 jackals (D:3)
  4 quokkas
  6 bats
  5 frilled lizards
  3 kobolds
  4 rats (D:1)
162 creatures vanquished.

Vanquished Creatures (collateral kills)
  Sigmund (D:6)
  2 yaks (D:9)
  A kobold brigand (D:6)
  A killer bee (D:9)
  A howler monkey (D:10)
  An orc wizard (D:7)
  3 gnolls (D:9)
  2 orcs
  2 kobolds (D:6)
14 creatures vanquished.

Vanquished Creatures (others)
  11 ancestors
11 creatures vanquished.

Grand Total: 187 creatures vanquished

Notes
Turn   | Place    | Note
-------+----------+-------------------------------------------
     0 | D:1      | 2FriedEggs the Felid Shapeshifter began the quest for the
                  | Orb.
     0 | D:1      | Reached XP level 1. HP: 9/9 MP: 2/2
   101 | D:1      | Reached XP level 2. HP: 6/12 MP: 3/3
   159 | D:1      | Reached skill level 4 in Shapeshifting
   407 | D:1      | Reached XP level 3. HP: 15/15 MP: 4/4
   927 | D:2      | Found a bloodstained altar of Trog.
  1167 | D:2      | Reached skill level 5 in Shapeshifting
  1345 | D:2      | Reached XP level 4. HP: 18/19 MP: 5/5
  2516 | D:3      | Reached skill level 1 in Stealth
  2680 | D:4      | Found Wuiloemoga's Antique Armour Shoppe.
  2804 | D:4      | Noticed a phantom
  3025 | D:3      | Reached XP level 5. HP: 13/22 MP: 6/6
  3093 | D:4      | Reached skill level 6 in Shapeshifting
  3311 | D:4      | Killed a phantom
  3482 | D:5      | Entered Level 5 of the Dungeon
  3517 | D:5      | Gained mutation: You are covered in thick fur. (AC +2)
                  | [Felid growth]
  3517 | D:5      | Reached XP level 6. HP: 20/25 MP: 7/7
  3637 | D:5      | Reached skill level 7 in Shapeshifting
  3666 | D:5      | Found Cosh's Magic Scroll Emporium.
  3676 | D:5      | Bought a scroll of identify for 22 gold pieces
  3676 | D:5      | Bought a scroll of noise for 11 gold pieces
  3676 | D:5      | Bought a scroll of identify for 22 gold pieces
  3676 | D:5      | Bought a scroll of identify for 22 gold pieces
  3853 | D:5      | Noticed an ice beast
  3917 | D:5      | Found a glowing silver altar of Zin.
  3943 | D:5      | Killed an ice beast
  3944 | D:5      | Reached XP level 7. HP: 12/28 MP: 8/8
  4066 | D:5      | Reached skill level 5 in Stealth
  4146 | D:5      | Reached skill level 5 in Unarmed Combat
  4571 | D:5      | Reached XP level 8. HP: 33/33 MP: 9/9
  4650 | D:6      | Reached skill level 5 in Dodging
  4767 | D:6      | Noticed Jeremiah
  4958 | D:6      | Found a staircase to the Ecumenical Temple.
  4970 | Temple   | Entered the Ecumenical Temple
  5001 | Temple   | Became a worshipper of Hepliaklqana the Forgotten
  5246 | D:6      | Noticed Sigmund
  5316 | D:6      | Killed Jeremiah
  5655 | D:7      | Reached XP level 9. HP: 25/38 MP: 10/10
  5657 | D:7      | Mangled by a wight
  6596 | D:8      | Found a snail-covered altar of Cheibriados.
  6844 | D:8      | You fall into a shaft and drop 1 floor!
  6893 | D:9      | Reached * piety under Hepliaklqana
  6902 | D:8      | Noticed a two-headed ogre
  7199 | D:8      | Noticed Maggie
  7276 | D:6      | Killed Sigmund
  7517 | D:8      | Reached skill level 8 in Shapeshifting
  8490 | D:9      | Reached skill level 9 in Shapeshifting
  9112 | D:9      | Reached XP level 10. HP: 31/37 MP: 11/11
  9479 | D:9      | Reached skill level 10 in Shapeshifting
  9652 | D:9      | Noticed Erica
  9868 | D:9      | Paralysed by a hornet for 2 turns
 10023 | D:10     | Entered Level 10 of the Dungeon
 10104 | D:10     | Noticed a death yak
 10104 | D:10     | Noticed a death yak
 10132 | D:10     | Found a staircase to the Lair.
 10198 | D:10     | Noticed Psyche
 10249 | D:10     | Noticed a death yak
 10249 | D:10     | Noticed a death yak
 10266 | D:10     | Noticed a death yak
 10266 | D:10     | Noticed Lodul
 10313 | D:10     | Slain by Psyche
 10439 | D:10     | Killed Psyche
 10468 | Lair:1   | Entered Level 1 of the Lair of Beasts
 10556 | Lair:2   | Slain by a yak
 10557 | Lair:2   | Quit the game

Illustrated notes

Levels and vault maps discovered:
D:1:      mrwooster_arrival_statue_3, layout_basic, fountainhead
D:2:      layout_basic, basic_altar
D:3:      layout_rooms
D:4:      layout_rooms, serial_shops, shop
D:5:      layout_cave_pods, mainiacjoe_overflow_alcove_1, serial_shops,
          nicolae_lakefront_shop
D:6:      layout_basic, minmay_temple_entry_glassed_door, uniq_jeremiah,
          uniq_sigmund
D:7:      layout_basic
D:8:      layout_loops_ring, mainiacjoe_overflow_tiny_flanked, uniq_maggie
D:9:      layout_roguey, uniq_erica
D:10:     layout_rooms, dpeg_lair_monsters, uniq_lodul, uniq_psyche
Temple:   mainiacjoe_temple_big_plus
Lair:1:   kb_forest_paths, layout_regular_city, patterned_corridor
Lair:2:   layout_gridlike, minmay_swamp_entry_reptiles,
          lightli_volcano_entry_magma_tube, grunt_megastairs_2

Skill      XL: |  1  2  3  4  5  6  7  8  9 10 |
---------------+-------------------------------+-----
Shapeshifting  | 4 5 6 7 9 10 | 10.0
Stealth        | 2 3 4 5 7 8 |  8.8
Dodging        | 3 4 6 7 |  7.9
Unarmed Combat | 5 7 8 |  8.6
Fighting       | 3 4 |  4.8

Action                     |  1- 3 |  4- 6 |  7- 9 | 10-12 || total
---------------------------+-------+-------+-------+-------++-------
  Melee: Unarmed           |    88 |   137 |   210 |    78 ||   513
         Bite              |    12 |    13 |    24 |     6 ||    55
         Punch             |     2 |     4 |       |     5 ||    11
 Invoke: Recall Ancestor   |       |       |    16 |     8 ||    24
         Ancestor Identity |       |       |     1 |       ||     1
  Evoke: Wand              |       |     1 |    12 |     1 ||    14
    Use: Scroll            |     1 |    10 |     7 |     1 ||    19
         Potion            |     1 |       |     2 |       ||     3
   Stab: Sleeping          |     6 |     1 |     2 |     1 ||    10
         Petrifying        |       |       |       |     1 ||     1
 Armour: Skin              |    20 |    42 |    65 |    37 ||   164
  Dodge: Dodged            |    70 |   107 |   184 |    88 ||   449
   Form: Flux              |       |     1 |     1 |       ||     2
         Blade             |       |       |     1 |     1 ||     2

Table legend: (Time is in decaauts)
 A = Elapsed time spent in this place.
 B = Non-inter-level travel time spent in this place.
 C = Inter-level travel time spent in this place.
 D = Time resting spent in this place.
 E = Time spent auto-exploring this place.
 F = Levels seen in this place.
 G = Mean time per level.
                   A        B        C        D        E       F      G
               +--------+--------+--------+--------+--------+-----+--------+
         Total |   9127 |   8504 |    623 |   2119 |   3178 |  13 |  702.1 |
       Dungeon |   9005 |   8429 |    576 |   2117 |   3178 |  10 |  900.5 |
        Temple |     50 |      3 |     47 |      0 |      0 |   1 |   50.0 |
          Lair |     72 |     72 |      0 |      2 |      0 |   2 |   36.0 |
               +--------+--------+--------+--------+--------+-----+--------+

Top non-repeatable levels by time:
     D:9: 1590 daAuts
     D:7: 1315 daAuts
     D:8: 1002 daAuts
     D:5: 942 daAuts
     D:6: 886 daAuts
     D:3: 878 daAuts
     D:2: 838 daAuts
     D:1: 740 daAuts
     D:4: 602 daAuts
    D:10: 208 daAuts
  Lair:1: 70 daAuts
  Temple: 50 daAuts
  Lair:2: 1 daAuts
